[Event "Titled Tuesday Blitz June 6 Late 2023"]
[White "Garmendiarov"]
[Black "Blohberger, Felix"]
[BlackFideId "1632051"]
[WhiteElo "2529"]
[BlackElo "2435"]
[Result "0-1"]
[Round "8"]
[TimeControl "180+2"]
[Date "2023.06.07"]
[WhiteClock "0:00:07"]
[BlackClock "0:00:12"]
[Board "50"]

1. d4 Nf6 2. Bf4 c5 3. e3 e6 4. c3 b6 5. Nd2 Be7 6. Ngf3 O-O 7. Bd3 cxd4 8. cxd4 Ba6 9. Bxa6 Nxa6 10. a3 Nc7 11. e4 Nh5 12. Be3 f5 13. exf5 Rxf5 14. O-O Nd5 15. Rc1 Nhf4 16. Ne4 Qe8 17. Ng3 Rf8 18. Qd2 Bd6 19. Ne4 Qg6 20. Ng3 Nh3+ 21. Kh1 Rxf3 22. gxf3 Rf8 23. Qc2 Qf7 24. Qe4 Bf4 25. Bxf4 Nhxf4 26. Ne2 Qh5 27. Rg1 Nxe2 28. Qxe2 Rxf3 29. Qe5 Qxe5 30. dxe5 Rxf2 31. Rg2 Rf5 32. Rc8+ Kf7 33. Rd8 Ke7 34. Ra8 g6 35. Re2 a5 36. Rb8 Rf1+ 37. Kg2 Rf5 38. Kg1 Nf4 39. Rf2 Nh3+ 40. Kg2 Nxf2 41. Rxb6 Nd3 42. b4 axb4 43. axb4 Rxe5 44. Kf3 g5 45. b5 h5 46. h3 g4+ 47. hxg4 hxg4+ 48. Kxg4 Re4+ 49. Kf3 Rb4 50. Rb8 Ne5+ 51. Ke3 Kd6 52. Rb6+ Kc7 53. Ra6 Rxb5 54. Ra8 Kd6 55. Kd4 Nc6+ 56. Kc4 Rb4+ 57. Kd3 Kd5 58. Rh8 e5 59. Rh7 d6 60. Rh6 Rb3+ 61. Kc2 Nd4+ 62. Kd2 e4 63. Rh5+ Kc4 64. Rh4 e3+ 65. Kd1 Rb1# 0-1


[Site "https://www.chess.com"]

[Event "Titled Tuesday Blitz June 6 Late 2023"]
[White "Mieles Palau, Daniel"]
[Black "Veiga, Jose Francisco R P Neves"]
[WhiteFideId "3600467"]
[BlackFideId "1930087"]
[WhiteElo "2344"]
[BlackElo "2319"]
[Result "1-0"]
[Round "8"]
[TimeControl "180+2"]
[Date "2023.06.07"]
[WhiteClock "0:01:52"]
[BlackClock "0:02:25"]
[Board "51"]

1. b3 Nf6 2. e3 g6 3. Bb2 Bg7 4. Nf3 O-O 5. c4 c5 6. Be2 Nc6 7. O-O b6 8. d4 cxd4 9. Nxd4 Bb7 10. Bf3 Rc8 11. Nc3 d6 12. Rc1 Qc7 13. Nd5 Qd8 14. Nxf6+ Bxf6 15. Nxc6 Bxc6 16. Bxf6 exf6 17. Bxc6 Rxc6 18. Qd4 Qe7 19. Rcd1 Rd8 20. Rd2 Kg7 21. Rfd1 h5 22. Qf4 Qe6 23. Rd5 Rd7 24. h3 Rd8 25. R1d4 Rd7 26. Re4 g5 27. Qf3 1-0


[Site "https://www.chess.com"]

[Event "Titled Tuesday Blitz June 6 Late 2023"]
[White "Zhurbinsky, David"]
[Black "Petesch, Gabriel"]
[WhiteFideId "2072904"]
[BlackFideId "2032465"]
[WhiteElo "2656"]
[BlackElo "2374"]
[Result "1-0"]
[Round "8"]
[TimeControl "180+2"]
[Date "2023.06.07"]
[WhiteClock "0:00:55"]
[BlackClock "0:00:28"]
[Board "52"]

1. e4 c6 2. d4 d6 3. Nf3 Qc7 4. c4 Nf6 5. Nc3 g6 6. h3 Bh6 7. Bxh6 Nbd7 8. Qd2 b6 9. a4 a5 10. Bd3 Bb7 11. Bf4 e5 12. Bg3 O-O 13. Qg5 Nh5 14. dxe5 dxe5 15. Bxe5 Nxe5 16. Qxe5 Qd7 17. O-O-O Rfe8 18. Qd4 Qc7 19. g3 Ng7 20. Bc2 Bc8 21. e5 Bd7 22. Ne4 Be6 23. Nf6+ Kh8 24. Qh4 h5 25. g4 Bxc4 26. Qg5 Nf5 27. gxf5 Kg7 28. Nxh5+ Kf8 29. f6 1-0


[Site "https://www.chess.com"]

[Event "Titled Tuesday Blitz June 6 Late 2023"]
[White "Annaberdiyev, Meylis"]
[Black "Pinheiro, Iung Alicio de O."]
[WhiteFideId "14000563"]
[BlackFideId "2104350"]
[WhiteElo "2416"]
[BlackElo "2283"]
[Result "0-1"]
[Round "8"]
[TimeControl "180+2"]
[Date "2023.06.07"]
[WhiteClock "0:00:03"]
[BlackClock "0:00:03"]
[Board "53"]

1. e4 e5 2. Nf3 Nc6 3. Bb5 a6 4. Ba4 d6 5. c4 Bd7 6. O-O Nge7 7. Nc3 Ng6 8. d4 Be7 9. dxe5 dxe5 10. Nd5 O-O 11. Be3 Be6 12. Qe2 Nh4 13. Nxh4 Bxh4 14. Rad1 Nd4 15. Qh5 c6 16. Nc3 Bf6 17. Bxd4 exd4 18. e5 g6 19. Qe2 Bg7 20. Bb3 Qb6 21. Ne4 Bxe5 22. Ng5 Qc7 23. Nxe6 fxe6 24. g3 Rae8 25. c5 Kh8 26. Qe4 Bg7 27. Kg2 e5 28. h4 Qd7 29. h5 Qf5 30. Bc2 Qxe4+ 31. Bxe4 g5 32. h6 Bf6 33. b4 a5 34. Rb1 axb4 35. Rxb4 Re7 36. Rfb1 Rff7 37. a4 Rd7 38. a5 Kg8 39. a6 bxa6 40. Bxc6 Rc7 41. Bd5 Kf8 42. Rb8+ Ke7 43. c6 Rf8 44. R8b7 Rc8 45. Be4 Kd6 46. Bxh7 Rxc6 47. Bf5 R8c7 48. h7 Rxb7 49. Rxb7 Rc7 50. Rb6+ Ke7 51. Rxf6 Kxf6 52. h8=Q+ Kxf5 53. Qf8+ Ke6 54. Qe8+ Kd6 55. Qg6+ Kd5 56. Qxa6 Rc3 57. Qa8+ Kc4 58. Qe4 Kb3 59. Qd5+ Kc2 60. Qa2+ Kc1 61. Qa1+ Kc2 62. Qa2+ Kc1 63. Qa1+ Kc2 64. Qe1 d3 65. Qxe5 d2 66. Qe4+ Kc1 0-1


[Site "https://www.chess.com"]

[Event "Titled Tuesday Blitz June 6 Late 2023"]
[White "Ibadov, Dashgyn"]
[Black "Ladan, Nicholas"]
[WhiteFideId "24107514"]
[BlackFideId "30918855"]
[WhiteElo "2208"]
[BlackElo "2167"]
[Result "1-0"]
[Round "8"]
[TimeControl "180+2"]
[Date "2023.06.07"]
[WhiteClock "0:01:34"]
[BlackClock "0:00:49"]
[Board "54"]

1. e4 e5 2. Nf3 Nc6 3. d4 exd4 4. Nxd4 Bc5 5. Nb3 Bb6 6. Qe2 Nge7 7. Nc3 O-O 8. Be3 f5 9. O-O-O f4 10. Bxb6 axb6 11. e5 Rf5 12. Nd4 Rxe5 13. Nxc6 Nxc6 14. Qc4+ Kh8 15. Qxf4 Qg5 16. Qxg5 Rxg5 17. a3 d6 18. Nb5 Ra5 19. Nxc7 Rac5 20. Rxd6 Bf5 21. c3 h5 22. Ne6 Bxe6 23. Rxe6 h4 24. Bd3 g6 25. g3 hxg3 26. hxg3+ Kg7 27. Be4 Nd4 28. Rxb6 Rc7 29. Rxb7 Rxb7 30. Bxb7 Rf5 31. cxd4 1-0


[Site "https://www.chess.com"]

[Event "Titled Tuesday Blitz June 6 Late 2023"]
[White "Goryachkina, Aleksandra"]
[Black "Fieberg, Samuel"]
[WhiteFideId "4147103"]
[BlackFideId "12901717"]
[WhiteElo "2471"]
[BlackElo "2512"]
[Result "1-0"]
[Round "8"]
[TimeControl "180+2"]
[Date "2023.06.07"]
[WhiteClock "0:00:46"]
[BlackClock "0:00:11"]
[Board "55"]

1. e4 e5 2. Nf3 Nc6 3. Bc4 Bc5 4. c3 Nf6 5. d3 O-O 6. h3 d5 7. exd5 Nxd5 8. O-O Nb6 9. Bb5 Bd6 10. Nbd2 Be6 11. Ne4 f5 12. Bxc6 bxc6 13. Neg5 Bd5 14. c4 Bxf3 15. Nxf3 e4 16. dxe4 fxe4 17. Ng5 Qe7 18. c5 Bxc5 19. Qh5 g6 20. Qg4 Rae8 21. Be3 Rf5 22. h4 Bxe3 23. fxe3 Ref8 24. Rxf5 Rxf5 25. Rc1 Nd5 26. Qg3 Qd6 27. Qxd6 cxd6 28. Nxe4 Nxe3 29. Nxd6 Rf6 30. Rxc6 Rf1+ 31. Kh2 Ng4+ 32. Kg3 h5 33. Rc8+ Kg7 34. Rc7+ Kf6 35. Rf7+ Ke6 36. Rxf1 1-0


[Site "https://www.chess.com"]

[Event "Titled Tuesday Blitz June 6 Late 2023"]
[White "Jaskolka, Tomasz"]
[Black "Abrahamyan, Tatev"]
[WhiteFideId "1170791"]
[BlackFideId "13301918"]
[WhiteElo "2155"]
[BlackElo "2342"]
[Result "1-0"]
[Round "8"]
[TimeControl "180+2"]
[Date "2023.06.07"]
[WhiteClock "0:00:32"]
[BlackClock "0:00:35"]
[Board "56"]

1. d4 Nf6 2. Nc3 e6 3. Bf4 c5 4. e3 cxd4 5. exd4 Be7 6. Nf3 O-O 7. Bd3 d5 8. Ne5 Nc6 9. O-O Nxd4 10. Bxh7+ Nxh7 11. Qxd4 Bd7 12. Rad1 Be8 13. Qe3 f6 14. Nf3 Bf7 15. Rfe1 Qa5 16. Nxd5 exd5 17. Qxe7 Qxa2 18. Qxb7 Qc4 19. Nd4 Rfe8 20. c3 Ng5 21. Bxg5 fxg5 22. Nf5 Rab8 23. Rxe8+ Rxe8 24. Nd6 Qe2 25. Qxf7+ 1-0


[Site "https://www.chess.com"]

[Event "Titled Tuesday Blitz June 6 Late 2023"]
[White "Schnaider, Ilan"]
[Black "Filgueira, Hernan"]
[WhiteFideId "169013"]
[BlackFideId "101770"]
[WhiteElo "2224"]
[BlackElo "2363"]
[Result "1-0"]
[Round "8"]
[TimeControl "180+2"]
[Date "2023.06.07"]
[WhiteClock "0:00:03"]
[BlackClock "0:00:27"]
[Board "57"]

1. e4 d6 2. d4 Nf6 3. Nc3 e5 4. Nf3 Nbd7 5. Bc4 Be7 6. O-O O-O 7. Re1 c6 8. a4 a5 9. h3 h6 10. Ba2 Qc7 11. Nh4 Re8 12. dxe5 dxe5 13. Qf3 Nc5 14. Be3 Be6 15. Bxe6 fxe6 16. Ng6 Kh7 17. Nxe7 Qxe7 18. Rad1 Na6 19. Qg3 Nb4 20. Re2 Qc7 21. Bd4 Nd7 22. Be3 Re7 23. Red2 Nf6 24. Bc5 Rf7 25. Bd6 Qb6 26. Bxe5 c5 27. Rd6 Nc6 28. Rxe6 Qxb2 29. Bxf6 gxf6 30. Rxf6 Rg7 31. Qh4 Kg8 32. Rxh6 Qxc3 33. Rh8+ Kf7 34. Qf4+ Qf6 35. Qxf6+ Kxf6 36. Rxa8 Nd4 37. Rf8+ Ke7 38. Rb8 Ke6 39. c3 Ne2+ 40. Kf1 Nxc3 41. Rc1 Nxe4 42. Re1 Kd5 43. Rd8+ Kc4 44. Rxe4+ Kb3 45. Rd3+ Kc2 46. Rf3 c4 47. Rxc4+ Kb2 48. Re4 1-0


[Site "https://www.chess.com"]

[Event "Titled Tuesday Blitz June 6 Late 2023"]
[White "Domingo Nunez, Ruben"]
[Black "Camilla_Lee"]
[WhiteFideId "22245570"]
[WhiteElo "2404"]
[BlackElo "2507"]
[Result "1-0"]
[Round "8"]
[TimeControl "180+2"]
[Date "2023.06.07"]
[WhiteClock "0:01:35"]
[BlackClock "0:01:13"]
[Board "58"]

1. g4 e5 2. Bg2 d5 3. c4 c6 4. cxd5 cxd5 5. Qb3 Ne7 6. Nc3 e4 7. d3 exd3 8. exd3 Bxg4 9. Qxb7 Nd7 10. Nb5 Nc8 11. Qxa8 Bb4+ 12. Kf1 O-O 13. Qxd5 Re8 14. Be3 Qf6 15. Qd4 Rxe3 16. Qxf6 1-0


[Site "https://www.chess.com"]

[Event "Titled Tuesday Blitz June 6 Late 2023"]
[White "Santos Flores, Alberto"]
[Black "Mendez Fortes, Eduardo Jesus"]
[WhiteFideId "3601234"]
[BlackFideId "3502376"]
[WhiteElo "2235"]
[BlackElo "2307"]
[Result "1-0"]
[Round "8"]
[TimeControl "180+2"]
[Date "2023.06.07"]
[WhiteClock "0:02:18"]
[BlackClock "0:02:11"]
[Board "59"]

1. e4 c5 2. Nf3 d6 3. Bb5+ Nd7 4. d4 cxd4 5. Qxd4 a6 6. Bxd7+ Bxd7 7. Nc3 Rc8 8. Bg5 h6 9. Bh4 f6 10. O-O-O e5 11. Qd3 Be6 12. Kb1 Rc6 13. Nxe5 Rxc3 14. Qxc3 g5 15. Ng6 gxh4 16. Nxh8 Bg7 17. Ng6 Qd7 18. Nf4 Bf7 19. Nd5 Ne7 20. Nxf6+ 1-0


[Site "https://www.chess.com"]

[Event "Titled Tuesday Blitz June 6 Late 2023"]
[White "Garcia Cuenca, Victor"]
[Black "Aldokhin, Ivan"]
[WhiteFideId "2250829"]
[BlackFideId "24115720"]
[WhiteElo "2329"]
[BlackElo "2322"]
[Result "0-1"]
[Round "8"]
[TimeControl "180+2"]
[Date "2023.06.07"]
[WhiteClock "0:00:01"]
[BlackClock "0:00:05"]
[Board "60"]

1. Nf3 Nf6 2. g3 g6 3. Bg2 Bg7 4. O-O O-O 5. b3 d6 6. Bb2 e5 7. c4 Nc6 8. Nc3 Bg4 9. h3 Bd7 10. d4 exd4 11. Nxd4 Re8 12. Nc2 h5 13. Qd2 Qc8 14. Kh2 h4 15. g4 Ne5 16. Ne3 Bh6 17. f4 Nexg4+ 18. Nxg4 Bxg4 19. hxg4 Nxg4+ 20. Kg1 Ne3 21. Rf3 Nxg2 22. Kxg2 c6 23. Kf2 Qg4 24. Rg1 Qh5 25. Qd3 Bg7 26. Ba1 d5 27. cxd5 Rad8 28. Rg5 Qh8 29. f5 Qh6 30. Rg4 g5 31. f6 Bxf6 32. Qd2 cxd5 33. Rf5 d4 34. Rfxg5+ Bxg5 35. Qxg5+ Qxg5 36. Rxg5+ Kf8 37. Nb5 Re4 38. Bb2 a6 39. Ba3+ Ke8 40. Nd6+ Rxd6 41. Bxd6 Kd7 42. Bh2 Ke6 43. Rh5 f5 44. Rh6+ Kd5 45. Rd6+ Kc5 46. Rd7 b5 47. Rf7 Kb4 48. Bd6+ Kc3 49. Rxf5 Kd2 50. Rd5 Rxe2+ 51. Kf3 d3 52. Bf4+ Kc2 53. Rc5+ Kb2 54. Rd5 Kc3 55. Rc5+ Kb2 56. Rc6 Rc2 57. Rd6 Kc3 58. Rc6+ Kb2 59. Rd6 h3 60. Kg3 h2 61. Rh6 d2 62. Bxd2 Rxd2 63. Kf3 Kxa2 64. Ke3 Rb2 65. Kd4 Kxb3 66. Kc5 b4 67. Rh3+ Ka2 68. Kb6 b3 69. Ka5 Rg2 70. Ka4 b2 71. Rxh2 Rxh2 0-1


[Site "https://www.chess.com"]

[Event "Titled Tuesday Blitz June 6 Late 2023"]
[White "zsizsi99"]
[Black "Makaraci, Tunahan"]
[BlackFideId "6356559"]
[WhiteElo "2437"]
[BlackElo "2160"]
[Result "0-1"]
[Round "8"]
[TimeControl "180+2"]
[Date "2023.06.07"]
[WhiteClock "0:00:16"]
[BlackClock "0:00:47"]
[Board "61"]

1. e4 Nf6 2. e5 Nd5 3. c4 Nb6 4. d4 d6 5. f4 dxe5 6. fxe5 Bf5 7. Nc3 e6 8. Nf3 Be7 9. Be2 Nc6 10. Be3 O-O 11. O-O f6 12. exf6 Bxf6 13. Qd2 Qe8 14. Rad1 Rd8 15. b3 Qg6 16. Kh1 Bg4 17. Bd3 Qh5 18. Nb5 a6 19. Nxc7 Nxd4 20. Bxd4 Bxd4 21. Be4 Be5 22. Qxd8 Bxf3 23. h4 Rxd8 24. Rxd8+ Kf7 25. Rxf3+ Ke7 26. Re8+ Kd7 27. Rxe6 Qxh4+ 28. Kg1 Qe1+ 29. Rf1 Bd4+ 30. Kh2 Qh4# 0-1


[Site "https://www.chess.com"]

[Event "Titled Tuesday Blitz June 6 Late 2023"]
[White "Fiorito, Francisco"]
[Black "Kaplan, Avi Harrison"]
[WhiteFideId "180165"]
[BlackFideId "30934559"]
[WhiteElo "2319"]
[BlackElo "1983"]
[Result "1-0"]
[Round "8"]
[TimeControl "180+2"]
[Date "2023.06.07"]
[WhiteClock "0:01:49"]
[BlackClock "0:00:02"]
[Board "62"]

1. e4 b6 2. d4 Bb7 3. Nd2 e6 4. Ngf3 c5 5. c3 Nf6 6. Bd3 d5 7. e5 Ne4 8. Qe2 Nxd2 9. Bxd2 Be7 10. g3 Nc6 11. a3 a6 12. h4 b5 13. h5 Qb6 14. Be3 h6 15. b4 cxd4 16. Nxd4 Nxd4 17. Bxd4 Qc7 18. a4 O-O 19. O-O bxa4 20. Rxa4 a5 21. bxa5 Rxa5 22. Rxa5 Qxa5 23. Rb1 Bc6 24. Bc2 Ra8 25. Qd3 Kf8 26. Qh7 Ke8 27. Qxg7 Qa2 28. Qh7 Ba4 29. Bxa4+ Qxa4 30. Qh8+ Bf8 31. Qf6 Qc6 32. Kg2 Rc8 33. Rb6 Qc7 34. Ra6 Be7 35. Qh8+ Bf8 36. Ra7 Qc4 37. Qf6 Rc7 38. Ra8+ Rc8 39. Ra1 Qc7 40. Qf4 Bc5 41. Qxh6 Bxd4 42. cxd4 Qc3 43. Ra7 1-0


[Site "https://www.chess.com"]

[Event "Titled Tuesday Blitz June 6 Late 2023"]
[White "Harish, Neeraj"]
[Black "Streltsov, Alexey"]
[WhiteFideId "30958130"]
[BlackFideId "24104434"]
[WhiteElo "1879"]
[BlackElo "2569"]
[Result "0-1"]
[Round "8"]
[TimeControl "180+2"]
[Date "2023.06.07"]
[WhiteClock "0:00:01"]
[BlackClock "0:00:18"]
[Board "63"]

1. e4 c6 2. d4 d5 3. e5 Bf5 4. Nd2 e6 5. Nb3 Nd7 6. Nf3 c5 7. dxc5 Bxc5 8. Nxc5 Nxc5 9. Bb5+ Nd7 10. O-O Ne7 11. c3 Nc6 12. Re1 O-O 13. Bf4 Qb6 14. Qe2 a6 15. Bxc6 bxc6 16. Nd4 Be4 17. f3 Bg6 18. Kh1 c5 19. Nb3 Rfb8 20. Be3 Qb5 21. f4 c4 22. Nd4 Qxb2 23. Nc6 Qxe2 24. Rxe2 Rb7 25. Ne7+ Kf8 26. Nxg6+ hxg6 27. Bd4 Rab8 28. h3 Rb2 29. Rae1 Ke7 30. g4 Rxe2 31. Rxe2 Rb1+ 32. Kg2 Nb8 33. Bc5+ Kd7 34. Bf8 Rc1 35. Rb2 Kc8 36. Bxg7 Rxc3 37. h4 d4 38. h5 d3 39. Rf2 gxh5 40. gxh5 Rc2 41. h6 d2 42. h7 d1=Q 43. h8=Q+ Kb7 44. Rxc2 Qxc2+ 45. Kg3 Qg6+ 46. Kf3 c3 47. Bf6 Qd3+ 48. Kg4 Qe2+ 49. Kg5 Qg2+ 50. Kh5 c2 0-1


[Site "https://www.chess.com"]

[Event "Titled Tuesday Blitz June 6 Late 2023"]
[White "Lopez Mulet, Inigo"]
[Black "Chabris, Christopher"]
[WhiteFideId "22235620"]
[BlackFideId "2005263"]
[WhiteElo "2302"]
[BlackElo "2410"]
[Result "0-1"]
[Round "8"]
[TimeControl "180+2"]
[Date "2023.06.07"]
[WhiteClock "0:03:04"]
[BlackClock "0:00:10"]
[Board "64"]

1. b3 e5 2. Bb2 Nc6 3. g3 Nf6 4. Bg2 d6 5. e3 g6 6. Ne2 Bg7 7. d3 Be6 8. Nd2 Qd7 9. a3 Bh3 10. Bf3 h5 11. Ng1 Bg4 12. h3 Be6 13. Bg2 d5 14. Ngf3 Qd6 15. e4 dxe4 16. Nxe4 Nxe4 17. dxe4 O-O-O 18. Qxd6 Rxd6 19. Ke2 Rhd8 20. Rhd1 Nd4+ 21. Nxd4 exd4 22. f4 d3+ 23. Rxd3 Bxb2 24. Rb1 Bxa3 25. e5 Rxd3 26. cxd3 Bc5 27. b4 Bb6 28. Rc1 Bf5 29. Rc3 Bd4 30. Rb3 f6 31. exf6 Re8+ 32. Kd2 Bxf6 33. b5 Rd8 34. Ke3 Bd4+ 35. Kd2 Re8 36. Rb4 Bf2 37. Be4 Bxg3 38. Ke3 Bh2 39. Kf3 Bg1 40. Rb1 Bd4 41. Rb4 Bb6 42. Rc4 Bxe4+ 43. dxe4 Kd7 44. h4 Ke6 45. Rc1 Rd8 46. Rc3 Rd4 47. Rb3 c6 48. bxc6 bxc6 49. Rc3 c5 50. Rc1 c4 51. Ke2 Rxe4+ 52. Kf3 Re3+ 53. Kg2 Rd3 54. Rxc4 Rd4 55. Rc6+ Kf5 56. Kg3 Rd3+ 57. Kg2 Be3 58. Rc7 a5 59. Rc6 a4 60. Ra6 a3 61. Ra4 Bd4 62. Kf1 Bb2 63. Ke2 Rh3 64. Kd2 Rxh4 65. Kc2 Rxf4 66. Ra5+ Kf6 67. Kb1 h4 68. Ka2 h3 69. Ra6+ Kg5 70. Ra7 h2 71. Rh7 Rh4 72. Re7 h1=Q 73. Rd7 Qe4 74. Rd3 Qc4+ 75. Rb3 Rh3 76. Kb1 a2+ 77. Kxa2 Qxb3+ 78. Kb1 Bc3+ 79. Kc1 Rh1# 0-1


[Site "https://www.chess.com"]

[Event "Titled Tuesday Blitz June 6 Late 2023"]
[White "Domingo Nunez, Alejandro"]
[Black "Liu, Eric"]
[WhiteFideId "22245561"]
[BlackFideId "30960240"]
[WhiteElo "2291"]
[BlackElo "2094"]
[Result "1-0"]
[Round "8"]
[TimeControl "180+2"]
[Date "2023.06.07"]
[WhiteClock "0:00:13"]
[BlackClock "0:00:20"]
[Board "65"]

1. g3 b6 2. Bg2 d5 3. c4 e6 4. Nc3 Bb7 5. d4 h5 6. cxd5 exd5 7. Nf3 Nf6 8. O-O Be7 9. Ne5 O-O 10. Bg5 Ne4 11. Bxe7 Qxe7 12. Nxe4 dxe4 13. Qc2 c5 14. Bxe4 cxd4 15. Bh7+ Kh8 16. Qf5 Qf6 17. Qxh5 Qh6 18. Qxh6 gxh6 19. Bd3 Nc6 20. Nxc6 Bxc6 21. Rac1 Bd5 22. Rc7 Bxa2 23. Ra1 Be6 24. Raxa7 Rxa7 25. Rxa7 Rc8 26. Kg2 Rc1 27. f3 Kg7 28. Rb7 Rc6 29. g4 Rd6 30. Kg3 Bd5 31. Rb8 Be6 32. Kf4 Kf6 33. h4 Kg7 34. b4 Kf6 35. b5 Kg7 36. Rb7 Bd5 37. Rc7 Re6 38. Rd7 Bb3 39. Rxd4 Kf6 40. g5+ hxg5+ 41. hxg5+ Ke7 42. Re4 Kd6 43. Rxe6+ Bxe6 44. Ke4 Kc5 45. Ke5 Kb4 46. Kf6 Ba2 47. f4 Kc3 48. Bh7 Kb4 49. Bg8 Kxb5 50. Bxf7 Bb1 51. f5 Kc5 52. g6 b5 53. g7 b4 54. g8=Q Kd4 55. Qd8+ Kc3 56. Qb6 Bc2 57. Qc5+ Kb2 58. Qxb4+ Kc1 59. Qc3 Kd1 60. Bb3 Bxb3 61. Qxb3+ Kxe2 62. Ke5 Kf2 63. f6 Kg2 64. f7 Kg1 65. f8=Q Kg2 66. Qff3+ Kh2 67. Qc2+ Kg1 68. Qcg2# 1-0


[Site "https://www.chess.com"]

[Event "Titled Tuesday Blitz June 6 Late 2023"]
[White "Kashtanov, Ruslan"]
[Black "ATM622"]
[WhiteFideId "4124871"]
[WhiteElo "2263"]
[BlackElo "2584"]
[Result "0-1"]
[Round "8"]
[TimeControl "180+2"]
[Date "2023.06.07"]
[WhiteClock "0:00:02"]
[BlackClock "0:01:41"]
[Board "66"]

1. d4 Nf6 2. c4 e6 3. g3 d5 4. Bg2 dxc4 5. Qa4+ Nbd7 6. Nf3 a6 7. Nc3 c5 8. O-O Be7 9. dxc5 Bxc5 10. Qxc4 b5 11. Qh4 Bb7 12. b4 Be7 13. Bg5 h6 14. Rac1 O-O 15. Rfd1 hxg5 16. Nxg5 Bxg2 17. Kxg2 a5 18. Nce4 Re8 19. Nxf6+ Bxf6 20. Qh7+ Kf8 21. Ne4 Ke7 22. Nxf6 gxf6 23. Qe4 Rc8 24. Qb7 Rxc1 25. Rxc1 Qa8 0-1


[Site "https://www.chess.com"]

[Event "Titled Tuesday Blitz June 6 Late 2023"]
[White "Melian, Juan Sebastian"]
[Black "marik_spb"]
[WhiteFideId "3706575"]
[WhiteElo "2092"]
[BlackElo "2443"]
[Result "1-0"]
[Round "8"]
[TimeControl "180+2"]
[Date "2023.06.07"]
[WhiteClock "0:00:32"]
[BlackClock "0:00:04"]
[Board "67"]

1. d4 Nf6 2. Bg5 d5 3. e3 Nbd7 4. Bd3 c5 5. c3 h6 6. Bh4 e6 7. Nd2 Be7 8. f4 c4 9. Bc2 b5 10. Ngf3 b4 11. O-O bxc3 12. bxc3 Qa5 13. Nb1 Rb8 14. Ne5 Rxb1 15. Rxb1 Qxc3 16. Qe2 O-O 17. Nc6 Ba3 18. Be1 Qb2 19. Rxb2 Bxb2 20. Bb4 Re8 21. Rb1 c3 22. Bd3 Ne4 23. Bxe4 dxe4 24. Qc2 Bb7 25. Bxc3 Bxc6 26. Bxb2 Bd5 27. Ba3 Nb6 28. Rc1 Nc4 29. Qc3 Rb8 30. Bb4 Rb5 31. a4 Rb6 32. Bc5 Ra6 33. Qb4 Kh7 34. Rxc4 Bxc4 35. Qxc4 Rc6 36. f5 exf5 37. Qxf7 Rf6 38. Qe8 a6 39. g3 Rg6 40. Bd6 Rf6 41. Be5 Rb6 42. Qf7 Rg6 43. Qxf5 h5 44. Qxh5+ Rh6 45. Qf5+ Rg6 46. h4 Kh6 47. Bf4+ Rg5 48. Bxg5+ Kh5 49. g4# 1-0


[Site "https://www.chess.com"]

[Event "Titled Tuesday Blitz June 6 Late 2023"]
[White "Shohat, Yotam"]
[Black "Przybylski, Wojciech"]
[WhiteFideId "2813955"]
[BlackFideId "1117599"]
[WhiteElo "2226"]
[BlackElo "2228"]
[Result "0-1"]
[Round "8"]
[TimeControl "180+2"]
[Date "2023.06.07"]
[WhiteClock "0:00:01"]
[BlackClock "0:00:03"]
[Board "68"]

1. e4 e5 2. Nf3 Nf6 3. Nc3 Bb4 4. Nxe5 O-O 5. d4 Nxe4 6. Bd3 Nxc3 7. Qh5 Ne4+ 8. c3 Nf6 9. Qh4 d6 10. Bg5 h6 11. Nf3 Re8+ 12. Kf1 hxg5 13. Nxg5 Bg4 14. Bh7+ Kf8 15. Bd3 Bh5 16. g4 Bg6 17. Qh8+ Ng8 18. Bxg6 fxg6 19. h4 Qd7 20. Rh3 Ke7 21. Re1+ Kd8 22. Rxe8+ Qxe8 23. Qxg7 d5 24. cxb4 Nc6 25. Re3 Nce7 26. Rf3 Kd7 27. Qe5 c6 28. Rf7 Kc8 29. Qe6+ Kc7 30. h5 gxh5 31. gxh5 Qd7 32. Qf6 Qd6 33. Ne6+ Kb6 34. Qe5 Qxe5 35. dxe5 Re8 36. Ng7 Rd8 37. e6 d4 38. Ke2 d3+ 39. Kd2 Rd5 40. Rf3 Re5 41. Rxd3 Rg5 42. Ne8 Rxh5 43. Nd6 Rg5 44. Nc4+ Kc7 45. Rd7+ Kc8 46. Nd6+ Kb8 47. Rxb7+ Ka8 48. Rd7 Rd5+ 49. Kc3 a5 50. bxa5 Rc5+ 51. Kd4 Rd5+ 52. Ke4 Rxa5 53. Nc8 Kb8 54. Nb6 Rb5 55. Nc4 Rd5 56. Ne5 Nf6+ 0-1


[Site "https://www.chess.com"]

[Event "Titled Tuesday Blitz June 6 Late 2023"]
[White "Krsnik Cohar, Ivan Vihor"]
[Black "Dedona, Mark"]
[WhiteFideId "14520044"]
[BlackFideId "30920256"]
[WhiteElo "2414"]
[BlackElo "2074"]
[Result "1-0"]
[Round "8"]
[TimeControl "180+2"]
[Date "2023.06.07"]
[WhiteClock "0:01:48"]
[BlackClock "0:01:56"]
[Board "69"]

1. e4 c5 2. Ne2 d6 3. g3 g6 4. Bg2 Bg7 5. c3 Nc6 6. d4 c4 7. b3 cxb3 8. axb3 e6 9. O-O Nge7 10. Ba3 O-O 11. Nd2 Re8 12. Nc4 d5 13. Nd6 Rf8 14. e5 Nf5 15. Nxf5 gxf5 16. Bxf8 Bxf8 17. c4 Ne7 18. Nf4 dxc4 19. bxc4 Qc7 20. d5 Qxe5 21. d6 Nc6 22. d7 Bxd7 23. Qxd7 Rd8 24. Qxb7 Na5 25. Qb5 Qxb5 26. cxb5 Nc4 27. Rxa7 Rb8 28. Rb1 Nd6 29. b6 1-0


[Site "https://www.chess.com"]

[Event "Titled Tuesday Blitz June 6 Late 2023"]
[White "Prado Lobo, Jonas"]
[Black "Rangel, Daniel"]
[WhiteFideId "32050666"]
[BlackFideId "2124475"]
[WhiteElo "2322"]
[BlackElo "2231"]
[Result "0-1"]
[Round "8"]
[TimeControl "180+2"]
[Date "2023.06.07"]
[WhiteClock "0:00:06"]
[BlackClock "0:01:17"]
[Board "70"]

1. d4 Nf6 2. Nc3 c5 3. d5 d6 4. e4 e6 5. Bc4 e5 6. Nf3 g6 7. O-O Bg7 8. Ne1 O-O 9. Nd3 Ne8 10. f3 f5 11. Be3 f4 12. Bf2 g5 13. b4 b6 14. a4 a5 15. bxc5 bxc5 16. Nxc5 dxc5 17. d6+ Kh8 18. Bxc5 Nd7 19. Bf2 Ba6 20. Bxa6 Rxa6 21. Nb5 Rc6 22. Qd5 Rxc2 23. Rfc1 Rxc1+ 24. Rxc1 Nef6 25. Qb7 g4 26. Rc7 gxf3 27. gxf3 Rg8 28. Kh1 Qe8 29. Qc6 Qh5 30. Qc3 Qh3 31. Qd3 Bf8 0-1


[Site "https://www.chess.com"]

[Event "Titled Tuesday Blitz June 6 Late 2023"]
[White "Liu, Casper"]
[Black "Vaglio Munoz, Jaime"]
[WhiteFideId "1454153"]
[BlackFideId "6500145"]
[WhiteElo "2221"]
[BlackElo "2199"]
[Result "1-0"]
[Round "8"]
[TimeControl "180+2"]
[Date "2023.06.07"]
[WhiteClock "0:01:05"]
[BlackClock "0:00:33"]
[Board "71"]

1. e4 c5 2. Nf3 Qa5 3. c3 Nc6 4. Bd3 d6 5. Bc2 e5 6. h3 Nf6 7. O-O Be7 8. d4 O-O 9. dxe5 dxe5 10. Na3 b5 11. Qe2 a6 12. Bg5 Be6 13. Bh4 h6 14. Bg3 Nd7 15. Rfd1 Rad8 16. Nb1 c4 17. a4 b4 18. Nfd2 b3 19. Nxb3 cxb3 20. Bd3 Nc5 21. Na3 Nxd3 22. Rxd3 Bxa3 23. Rxd8 Rxd8 24. Rxa3 Qc5 25. Ra1 Bc4 26. Qg4 Ne7 27. Rd1 Rd6 28. Kh2 Be6 29. Qh5 Ng6 30. Qe2 Bc4 31. Qg4 Rf6 32. Rd8+ Kh7 33. Rc8 Rc6 34. Ra8 Be6 35. Qf3 Rd6 36. h4 Qc4 37. h5 Ne7 38. Bxe5 Rd3 39. Qf4 Nc6 40. Rh8+ Kxh8 41. Qxh6+ Kg8 42. Qxg7# 1-0


[Site "https://www.chess.com"]

[Event "Titled Tuesday Blitz June 6 Late 2023"]
[White "Mei, Austin"]
[Black "Hoffmann, Asa"]
[WhiteFideId "30948479"]
[BlackFideId "2001470"]
[WhiteElo "2125"]
[BlackElo "2117"]
[Result "1-0"]
[Round "8"]
[TimeControl "180+2"]
[Date "2023.06.07"]
[WhiteClock "0:00:33"]
[BlackClock "0:00:48"]
[Board "72"]

1. e4 d6 2. d4 Nf6 3. Nc3 c6 4. Be3 Ng4 5. Bg5 Qb6 6. Qd2 Qxb2 7. Rb1 Qa3 8. h3 Nf6 9. e5 Nd5 10. Nxd5 cxd5 11. Rb3 Qxa2 12. exd6 Qa1+ 13. Ke2 Qa6+ 14. Kf3 Qxd6 15. Bb5+ Nc6 16. Ne2 Bd7 17. c4 f6 18. Bf4 e5 19. dxe5 fxe5 20. Re1 dxc4 21. Bxc4 Qxd2 22. Bxd2 O-O-O 23. Reb1 b6 24. Ba6+ Kc7 25. Be3 Bd6 26. Nc3 Be6 27. Nb5+ Kd7 28. Rd3 Rhf8+ 29. Kg3 e4+ 30. Rxd6+ Ke7 31. Bg5+ Kf7 32. Bxd8 Nxd8 33. Nxa7 Ke7 34. Rbxb6 Bf5 35. Nc8+ Bxc8 36. Bxc8 1-0


[Site "https://www.chess.com"]